 Dungeon Crawl Stone Soup version 0.25-a0-294-gea9b1ad378 (webtiles) character file.

Game seed: 1658549397381208390, levelgen mode: deterministic

11208 floatRand the Spear-Bearer (level 11, -5/72 HPs)
             Began as a Merfolk Gladiator on Dec 19, 2019.
             Was an Initiate of Ashenzari.
             Slain by a manticore (9 damage)
             ... on level 11 of the Dungeon.
             The game lasted 00:22:38 (11616 turns).

floatRand the Spear-Bearer (Merfolk Gladiator)     Turns: 11616, Time: 00:22:39

Health: -5/72      AC: 10    Str: 14    XL:     11   Next: 74%
Magic:  0/11       EV: 18    Int: 10    God:    Ashenzari [......]
Gold:   505        SH: 11    Dex: 21    Spells: 6/10 levels left

rFire    . . .     SeeInvis .   K - +1 trident (venom)
rCold    + . .     Gourm    .   q - +0 shield
rNeg     . . .     Faith    .   G - +0 leather armour {rC+}
rPois    .         Spirit   +   c - +1 helmet
rElec    .         Reflect  .   j - scarf {Spirit}
rCorr    .         Harm     .   t - +2 pair of gloves {archery}
MR       +....                  x - +0 pair of boots
Stlth    +++++.....             a - amulet of regeneration
HPRegen  0.62/turn              I - +4 ring of dexterity (curse)
MPRegen  0.12/turn              s - ring of protection from magic

@: barbed spikes
A: change form in water, swift swim, stealthy swim
a: Curse Item, Renounce Religion


You were on level 11 of the Dungeon.
You worshipped Ashenzari.
Ashenzari was noncommittal.
You were hungry.

You visited 2 branches of the dungeon, and saw 12 of its levels.
You also visited: Sewer.

You collected 505 gold pieces.

Inventory:

Hand Weapons
 r - a +3 spear of piercing
 K - a +1 trident of venom (weapon)
 P - a cursed +5 trident
Missiles
 d - 3 throwing nets (quivered)
 v - 7 curare-tipped darts
Armour
 c - a +1 helmet (worn)
 j - a scarf of spirit shield (worn)
 q - a +0 shield (worn)
 t - a +2 pair of gloves of archery (worn)
 x - a +0 pair of boots (worn)
 G - a +0 leather armour of cold resistance (worn)
 H - a +0 chain mail
Jewellery
 a - an amulet of regeneration (around neck)
 b - an uncursed amulet of the gourmand
 h - an uncursed ring of magical power
 l - a +5 ring of intelligence
 s - a ring of protection from magic (right hand)
 u - a cursed amulet of inaccuracy
 B - an uncursed ring of flight
 D - an uncursed amulet of guardian spirit
 I - a cursed +4 ring of dexterity (left hand)
Wands
 C - a wand of disintegration (14)
 M - a wand of polymorph (14)
 Q - a wand of paralysis (10)
Scrolls
 g - 4 scrolls of magic mapping
 m - 2 scrolls of enchant armour
 o - 3 scrolls of teleportation
 p - a scroll of fear
 y - 5 scrolls of random uselessness
 E - 3 scrolls of identify
 N - a scroll of amnesia
Potions
 e - 5 potions of brilliance
 i - a potion of lignification
 k - 6 potions of curing
 n - 5 potions of flight
 w - 7 potions of heal wounds
 z - a potion of magic
 A - a potion of might
 F - 2 potions of agility
 J - a potion of mutation
 L - a potion of haste
Comestibles
 f - 25 rations


   Skills:
 - Level 2.1 Fighting
 + Level 13.2 Polearms
 - Level 2.0 Throwing
 + Level 4.7 Armour
 - Level 9.5 Dodging
 + Level 10.8 Stealth
 + Level 8.8 Shields
 + Level 2.4 Ice Magic


You had 6 spell levels left.
You knew the following spells:

 Your Spells              Type           Power        Failure   Level  Hunger
a - Hailstorm             Conj/Ice       #.......     99%         4    #####..

Your spell library contained the following spells:

 Spells                   Type           Power        Failure   Level  Hunger
 Freeze                   Ice            #...         36%         1    ##.....
 Ozocubu's Armour         Chrm/Ice       #.......     88%         3    ####...
 Summon Ice Beast         Ice/Summ       #.......     99%         4    #####..


Dungeon Overview and Level Annotations

Branches:
Dungeon (11/15)            Temple (1/1) D:4            Lair (0/6) D:8
  Sewer (visited)
    Orc: D:9-12

Altars:
Ashenzari
Cheibriados
Dithmenos
Elyvilon
Fedhas
Gozag
Hepliaklqana
Kikubaaqudgha
Makhleb
Nemelex Xobeh
Okawaru
Qazlal
Ru
Sif Muna
Trog
Uskayaw
Vehumet
Wu Jian
Xom
Yredelemnul
Zin
The Shining One

Annotations:
D:5 2 transporters


Message History

The manticore bites you!
* * * LOW HITPOINT WARNING * * *
You block the manticore's attack. x2
Attack whom?
Press: ? - help, Dir - move target cursor, f/p - manticore
Aim: a manticore (moderately wounded, very poisoned)
You puncture the manticore!
The manticore looks as sick as possible!
The manticore is heavily wounded.
The manticore bites you.
* * * LOW HITPOINT WARNING * * *
The manticore barely misses you. You block the manticore's attack.
Attack whom?
Press: ? - help, Dir - move target cursor, f/p - manticore
Aim: a manticore (heavily wounded, extremely poisoned)
Okay, then.
You feel better. The manticore bites you!!
* * * LOW HITPOINT WARNING * * *
The manticore claws you!
You die...

##..# ..##
.....## #...#
.......###..#
.......<....#
.........>..#
.#####......##
#........#
#...H##....
#..@.# ....
##.........
##........
########.


You could see a manticore.

Vanquished Creatures
  Gastronok (D:8)
  3 two-headed ogres
  Erica (D:8)
  Pikel (D:4)
  Joseph (D:8)
  A centaur skeleton (D:10)
  Psyche (D:8)
  A troll (D:9)
  3 hornets (D:10)
  Prince Ribbit (D:8)
  Sigmund (D:2)
  A water moccasin (D:7)
  A soldier ant (D:10)
  2 slaves (D:4)
  4 orc warriors
  4 sky beasts
  2 phantoms
  A black bear (D:7)
  6 ogres
  2 ice beasts
  An eye of draining (D:9)
  3 centaurs
  2 big kobolds
  2 bullfrogs
  2 scorpions
  A water moccasin skeleton (D:6)
  3 killer bees (D:11)
  4 wights (D:10)
  2 howler monkeys
  A bullfrog zombie (D:10)
  5 crimson imps
  3 hounds
  A bullfrog skeleton (D:8)
  14 orc wizards
  5 orc priests
  Terence (D:2)
  Jessica (D:2)
  2 iguanas
  8 worker ants
  A hound zombie (D:5)
  A hound skeleton (D:8)
  A worker ant zombie (D:9)
  5 river rats (Sewer)
  7 adders
  2 shadow imps
  An ooze (D:3)
  An adder skeleton (D:9)
  An adder zombie (D:6)
  3 worms (D:3)
  A dart slug (D:4)
  4 leopard geckos
  44 orcs
  4 ball pythons (Sewer)
  6 giant cockroaches
  10 goblins
  4 hobgoblins (D:1)
  11 jackals
  7 quokkas
  8 bats
  3 frilled lizards
  29 kobolds
  2 leopard gecko zombies (D:6)
  A quokka skeleton (D:6)
  24 rats
280 creatures vanquished.

Notes
Turn   | Place    | Note
-------+----------+-------------------------------------------
     0 | D:1      | floatRand the Merfolk Gladiator began the quest for the
                  | Orb.
     0 | D:1      | Reached XP level 1. HP: 16/16 MP: 1/1
   275 | D:1      | Reached XP level 2. HP: 21/22 MP: 2/2
   281 | D:1      | Reached skill level 1 in Stealth
  1073 | D:1      | Reached skill level 5 in Polearms
  1073 | D:1      | Reached XP level 3. HP: 27/27 MP: 3/3
  1246 | D:2      | Reached XP level 4. HP: 20/33 MP: 4/4
  1402 | D:2      | Noticed Terence
  1406 | D:2      | Reached skill level 5 in Dodging
  1424 | D:2      | Killed Terence
  1744 | D:2      | Found an opulent altar of Gozag.
  2007 | D:2      | Reached XP level 5. HP: 35/38 MP: 5/5
  2023 | D:2      | Noticed Jessica
  2030 | D:2      | Killed Jessica
  2059 | D:2      | Noticed Sigmund
  2079 | D:2      | Killed Sigmund
  2079 | D:2      | Reached skill level 6 in Polearms
  2079 | D:2      | Reached skill level 1 in Shields
  2079 | D:2      | Reached XP level 6. HP: 44/44 MP: 6/6
  2436 | D:3      | Found a white marble altar of Elyvilon.
  2731 | D:3      | Reached XP level 7. HP: 41/50 MP: 4/7
  2794 | D:3      | Found a glowing drain.
  2817 | Sewer    | Entered a sewer
  3051 | Sewer    | Reached skill level 7 in Polearms
  4101 | D:4      | Reached skill level 5 in Stealth
  4214 | D:4      | Reached XP level 8. HP: 56/56 MP: 8/8
  4342 | D:4      | Reached skill level 8 in Polearms
  4358 | D:4      | Noticed Pikel
  4359 | D:4      | Found a glowing silver altar of Zin.
  4420 | D:4      | Killed Pikel
  4528 | D:4      | Found a staircase to the Ecumenical Temple.
  4876 | Temple   | Entered the Ecumenical Temple
  5101 | D:5      | Entered Level 5 of the Dungeon
  5283 | D:5      | Found a transporter.
  5360 | D:5      | Found a glowing silver altar of Zin.
  5385 | D:5      | Found a bloodstained altar of Trog.
  5714 | D:5      | Reached skill level 9 in Polearms
  6121 | D:5      | Found a transporter.
  6241 | D:6      | Reached XP level 9. HP: 61/61 MP: 9/9
  6632 | D:6      | Reached skill level 5 in Shields
  7873 | D:7      | Reached skill level 10 in Polearms
  8210 | D:7      | Found a shimmering blue altar of Sif Muna.
  8641 | D:8      | Noticed Joseph
  8825 | D:8      | Found a staircase to the Lair.
  8892 | D:8      | Reached skill level 1 in Armour
  8900 | D:8      | Noticed a two-headed ogre
  8901 | D:8      | Noticed Gastronok
  8949 | D:7      | Killed a two-headed ogre
  8949 | D:7      | Reached skill level 11 in Polearms
  8949 | D:7      | Reached XP level 10. HP: 53/67 MP: 10/10
  9030 | D:8      | Killed Joseph
  9183 | D:8      | Noticed Psyche
  9199 | D:8      | Killed Psyche
  9412 | D:8      | Noticed a two-headed ogre
  9415 | D:8      | Noticed Prince Ribbit
  9450 | D:8      | Noticed Erica
  9456 | D:8      | Killed Prince Ribbit
  9470 | D:8      | Found a shattered altar of Ashenzari.
  9472 | D:8      | Found an iron altar of Okawaru.
  9478 | D:8      | Became a worshipper of Ashenzari the Shackled
  9564 | D:8      | Killed Erica
  9744 | D:8      | Killed a two-headed ogre
  9744 | D:8      | Reached skill level 12 in Polearms
  9907 | D:8      | Killed Gastronok
  9907 | D:8      | Reached skill level 10 in Stealth
  9907 | D:8      | Reached XP level 11. HP: 59/72 MP: 7/11
 10225 | D:9      | Identified the cursed +1 robe "Udwahen" {Str-3 Int+7}
 10435 | D:9      | Learned a level 4 spell: Hailstorm
 10747 | D:10     | Entered Level 10 of the Dungeon
 10808 | D:10     | Reached skill level 1 in Ice Magic
 10819 | D:10     | Reached skill level 13 in Polearms
 11195 | D:10     | Noticed a two-headed ogre
 11221 | D:10     | Killed a two-headed ogre
 11586 | D:11     | Noticed a manticore
 11616 | D:11     | Slain by a manticore

Levels and vault maps discovered:
D:1:      co_arrival_square_in_a_square_in_a_square, layout_basic, serial_bayou,
          serial_bayou_pond_b, serial_bayou_pond_a, serial_bayou_lake_a,
          serial_bayou_pond_a
D:2:      layout_loops_cross, nicolae_gozag_seed_capital, uniq_jessica,
          uniq_terence, uniq_sigmund
D:3:      layout_loops_ring, elyvilon_altar_3, first_ration,
          cheibrodos_sewer_entry_bend
D:4:      layout_loops_ring, zin_statuary, lemuel_temple_firewalk_a,
          grunt_decor_mini_mirrors, uniq_pikel
D:5:      gammafunk_cloud_chamber, layout_layer_cave,
          lemuel_coloured_pillars_altar, basic_altar, minivault_11
D:6:      layout_basic, kennysheep_nondescript
D:7:      layout_gridville, kennysheep_little_box
D:8:      layout_gridville, gammafunk_temple_overflow_pools, lair_entry_dummy,
          uniq_gastronok, uniq_erica, uniq_prince_ribbit1, uniq_joseph,
          uniq_psyche
D:9:      layout_long_grid
D:10:     layout_cross, hangedman_pestilent_swarm, grunt_ministairs_4
D:11:     layout_layer_cave, orc_0_dummy
Temple:   eino_temple_scatter_basement

Skill      XL: |  1  2  3  4  5  6  7  8  9 10 11 |
---------------+----------------------------------+-----
Stealth        | 1 2 3 4 5 6 8 10 | 10.8
Polearms       | 5 6 7 9 11 12 13 | 13.2
Dodging        | 5 6 7 8 9 |  9.5
Shields        | 1 2 3 4 6 8 |  8.8
Armour         | 2 4 |  4.7
Ice Magic      | 2 |  2.4
Fighting       | |  2.1
Throwing       | |  2.0

Action                   |  1- 3 |  4- 6 |  7- 9 | 10-12 || total
-------------------------+-------+-------+-------+-------++-------
Melee: Trident           |    68 |    61 |    11 |   387 ||   527
       Spear             |       |    85 |   687 |       ||   772
       Tailslap          |       |       |     6 |       ||     6
       Unarmed           |       |       |       |    13 ||    13
Invok: Curse Item        |       |       |       |     1 ||     1
  Use: Scroll            |       |     1 |    19 |     8 ||    28
       Potion            |       |       |       |     2 ||     2
 Stab: Sleeping          |     2 |     5 |    19 |     7 ||    33
       Distracted        |       |       |     2 |       ||     2
  Eat: Chunk             |     1 |     4 |    20 |     9 ||    34
Armor: Leather armour    |    17 |    21 |    93 |    15 ||   146
       Chain mail        |       |       |    25 |    77 ||   102
Dodge: Dodged            |    41 |    54 |   188 |   124 ||   407
Block: Shield            |       |    41 |   199 |   136 ||   376

Table legend:
 A = Non-vault XP
 B = Vault XP
 C = Vault XP percentage of total XP
 D = Non-vault monster count
 E = Vault monster count
 F = Vault count percentage of total count
                 A         B        C        D         E       F
            +---------+---------+-------+---------+---------+-------
      Total |    9200 |    6812 |  42.5 |     211 |      67 |  24.1
            +---------+---------+-------+---------+---------+-------
        D:1 |      36 |       0 |   0.0 |      21 |       0 |   0.0
        D:2 |      93 |     295 |  76.0 |      21 |       3 |  12.5
        D:3 |     217 |       5 |   2.3 |      24 |       1 |   4.0
        D:4 |     435 |     651 |  59.9 |      19 |       1 |   5.0
        D:5 |     214 |       0 |   0.0 |       8 |       0 |   0.0
        D:6 |     689 |       0 |   0.0 |      28 |       0 |   0.0
        D:7 |    2111 |       0 |   0.0 |      27 |       0 |   0.0
        D:8 |    1795 |    4365 |  70.9 |      27 |       5 |  15.6
        D:9 |    1516 |       0 |   0.0 |      22 |       0 |   0.0
       D:10 |    1902 |    1234 |  39.3 |      11 |       9 |  45.0
       D:11 |     192 |       0 |   0.0 |       3 |       0 |   0.0
      Sewer |       0 |     262 | 100.0 |       0 |      48 | 100.0
            +---------+---------+-------+---------+---------+-------
